 Dungeon Crawl Stone Soup version 0.30-a0-1002-ga41ad49a19 (webtiles) character file.

Game seed: 17411862849444047192

73 MacCMillion the Shooter (level 3, 0/29 HPs)
             Began as a Demigod Hunter on Apr 5, 2023.
             Slain by an orc priest
             ... wielding a +0 hand axe
              (4 damage)
             ... on level 3 of the Dungeon.
             The game lasted 00:01:58 (1780 turns).

MacCMillion the Shooter (Demigod Hunter)            Turns: 1780, Time: 00:01:59

Health: 0/29       AC:  3    Str: 12    XL:     3   Next: 83%
Magic:  5/5        EV: 12    Int: 11    God:
Gold:   119        SH:  0    Dex: 21    Spells: 2/2 levels left

rFire   . . .      SeeInvis .    a - +0 shortbow
rCold   . . .      Faith    .    (shield currently unavailable)
rNeg    . . .      Spirit   .    c - +0 leather armour
rPois   .          Reflect  .    (no helmet)
rElec   .          Rampage  .    (no cloak)
rCorr   .                        (no gloves)
Will    .....                    (no boots)
Stlth   ++                       (no amulet)
HPRegen 0.24/turn                (no ring)
MPRegen 0.09/turn                (no ring)

@: no status effects
A: high MP 1, forlorn, divine attributes
a: no special abilities


You were on level 3 of the Dungeon.
You visited 1 branch of the dungeon, and saw 3 of its levels.

You collected 119 gold pieces.

Inventory:

Hand Weapons
 a - a +0 shortbow (weapon)
Missiles
 e - a throwing net
Armour
 c - a +0 leather armour (worn)
Scrolls
 b - a scroll of immolation
 d - a scroll of blinking {unknown}
 f - a scroll of brand weapon {unknown}
 h - a scroll of poison {unknown}
 j - a scroll of identify {unknown}
Potions
 g - a potion of degeneration {unknown}
 i - a potion of curing


   Skills:
 - Level 1.8 Fighting
 + Level 5.1 Ranged Weapons
 - Level 1.8 Dodging
 - Level 0.9 Stealth


You had 2 spell levels left.
You didn't know any spells.
Your spell library was empty.

Dungeon Overview and Level Annotations

Branches:
Dungeon (3/15)

Shops:
D:1 *

Annotations:
D:2 Sigmund


Innate Abilities, Weirdness & Mutations

You have an increased reservoir of magic. (+10% MP)
You shall have no god before yourself.
Your divine heritage dramatically boosts your attributes as you level up.


Message History

* * * LOW HITPOINT WARNING * * *
The orc priest hits you with a +0 dagger.
* * * LOW HITPOINT WARNING * * *
Fire: a) +0 shortbow
Press: ? - help, Q - select action, (/) - cycle Shift-Dir - straight line, f/p - orc priest
Aim: an orc priest, wielding a +0 hand axe and wearing a +0 leather armour (heavily wounded, 64% to hit)
You shoot an arrow.
The arrow closely misses the orc priest.
The orc priest closely misses you. The orc priest completely misses you.
Unknown command.
Fire: a) +0 shortbow
Press: ? - help, Q - select action, (/) - cycle Shift-Dir - straight line, f/p - orc priest
Aim: an orc priest, wielding a +0 hand axe and wearing a +0 leather armour (heavily wounded, 64% to hit)
You shoot an arrow. The arrow barely misses the orc priest.
The orc priest closely misses you.
The orc priest hits you with a +0 dagger.
* * * LOW HITPOINT WARNING * * *
Unknown command.
Fire: a) +0 shortbow
Press: ? - help, Q - select action, (/) - cycle Shift-Dir - straight line, f/p - orc priest
Aim: an orc priest, wielding a +0 hand axe and wearing a +0 leather armour (heavily wounded, 64% to hit)
You shoot an arrow.
The arrow closely misses the orc priest.
The orc priest barely misses you. x3
The orc priest hits you with a +0 dagger.
* * * LOW HITPOINT WARNING * * *
Fire: a) +0 shortbow
Press: ? - help, Q - select action, (/) - cycle Shift-Dir - straight line, f/p - orc priest
Aim: an orc priest, wielding a +0 hand axe and wearing a +0 leather armour (heavily wounded, 64% to hit)
You shoot an arrow. The arrow hits the orc priest.
The orc priest is severely wounded.
The orc priest miscasts a cantrip.
The orc priest barely misses you.
Unknown command.
Fire: a) +0 shortbow
Press: ? - help, Q - select action, (/) - cycle Shift-Dir - straight line, f/p - orc priest
Aim: an orc priest, wielding a +0 hand axe and wearing a +0 leather armour (severely wounded, 64% to hit)
You shoot an arrow. The arrow barely misses the orc priest.
The orc priest hits you with a +0 hand axe.
You die...

#....##..###..# #.#######
#.##.#...# #.####.####
#.##.#.#.###.###.....#
#.#..........##..P.P.#
#.#..............._..#
####.#..†...).#.###.P.P.#
#<.......#.#..#.# #.....#
#.####...#...(#.# ####..#
###.####......#o@.# #...
......##.####..o### ##..
###.#.##.# ##... ..
#.#.##.# #.. #......# #..
#......# #.. #....#.# #..
#.###..# #.. ..## #..


You could see 2 orc priests.

Vanquished Creatures
  2 adders
  2 worms (D:3)
  4 dart slugs (D:1)
  2 orcs (D:3)
  3 ball pythons
  3 endoplasms
  2 giant cockroaches
  A goblin (D:3)
  6 hobgoblins (D:1)
  2 quokkas
  5 bats
  A frilled lizard (D:1)
  5 rats
38 creatures vanquished.

Notes
Turn   | Place    | Note
-------+----------+-------------------------------------------
     0 | D:1      | MacCMillion the Demigod Hunter began the quest for the Orb.
     0 | D:1      | Reached XP level 1. HP: 17/17 MP: 3/3
   169 | D:1      | Reached skill level 4 in Ranged Weapons
   187 | D:1      | Reached XP level 2. HP: 19/24 MP: 4/4
   341 | D:1      | Found Seehysh's Assorted Antiques.
   659 | D:1      | Reached XP level 3. HP: 24/29 MP: 5/5
  1231 | D:2      | Noticed Sigmund
  1623 | D:3      | Reached skill level 5 in Ranged Weapons
  1780 | D:3      | Slain by an orc priest

Illustrated notes

Levels and vault maps discovered:
D:1:      eino_arrival_cavern_c, layout_basic, serial_shops,
          nicolae_shop_crystal
D:2:      layout_loops_corners, basic_altar, minmay_pentomino_s2, uniq_sigmund,
          uniq_natasha
D:3:      layout_loops_cross, fedhas_altar_1, hellmonk_ecumenical_altar_run_dry

Skill      XL: |  1  2  3 |
---------------+----------+-----
Ranged Weapons | 4 5 |  5.1
Fighting       | |  1.8
Dodging        | |  1.8
Stealth        | |  0.9

Action                     || total
---------------------------++-------
   Fire: Shortbow          ||   133
    Use: Potion            ||     1
 Armour: Leather armour    ||     8
  Dodge: Dodged            ||    44

Table legend: (Time is in decaauts)
 A = Elapsed time spent in this place.
 B = Non-inter-level travel time spent in this place.
 C = Inter-level travel time spent in this place.
 D = Time resting spent in this place.
 E = Time spent auto-exploring this place.
 F = Levels seen in this place.
 G = Mean time per level.
                   A        B        C        D        E       F      G
               +--------+--------+--------+--------+--------+-----+--------+
         Total |   1821 |   1725 |     96 |    203 |   1257 |   3 |  607.0 |
       Dungeon |   1821 |   1725 |     96 |    203 |   1257 |   3 |  607.0 |
               +--------+--------+--------+--------+--------+-----+--------+

Top non-repeatable levels by time:
     D:1: 978 daAuts
     D:2: 503 daAuts
     D:3: 340 daAuts
